 Dungeon Crawl Stone Soup version 0.31-a0-431-g88bdf31460 (webtiles) character file.

Game seed: 12857756493393156387

3138 CraigForest the Grappler (level 9, -1/75 HPs)
             Began as a Troll Shapeshifter on July 31, 2023.
             Was a Follower of Qazlal.
             Slain by an unseen horror (8 damage)
             ... on level 7 of the Dungeon.
             The game lasted 00:24:53 (5011 turns).

CraigForest the Grappler (Troll Shapeshifter)       Turns: 5011, Time: 00:24:53

Health: -1/75      AC:  8    Str: 29    XL:     9   Next: 61%
Magic:  8/8        EV: 10    Int:  4    God:    Qazlal [*.....]
Gold:   510        SH:  1    Dex: 10    Spells: 8/8 levels left

rFire   . .          .
                       - Unarmed
rCold   . . .        (no shield)
rNeg    . . .        a - +0 animal skin
rPois   .            (helmet currently unavailable)
rElec   .            (cloak currently unavailable)
rCorr   .            (gloves unavailable)
SInv    .            (boots unavailable)
Will    .....        (no amulet)
Stlth   +            q - +4 ring of protection
HPRegen 1.12/turn    (no ring)
MPRegen 0.11/turn

%: no passive effects
@: beast-form, invisible
A: beast (slay +3), large, unfitting armour, claws 3, regeneration 1, shaggy fur
1, tough skin 1
a: Begin Untransformation, Renounce Religion


You were on level 7 of the Dungeon.
You worshipped Qazlal.
Qazlal was aware of your devotion.
You were a hulking beast.
You visited 2 branches of the dungeon, and saw 8 of its levels.
You also visited: Sewer.

You collected 510 gold pieces.

Inventory:

Hand Weapons
 w - a +2 short sword of flaming
 L - a +2 vampiric hand axe
Missiles
 n - 2 darts of dispersal
 s - 7 poisoned darts (quivered)
Armour
 a - a +0 animal skin (worn)
 i - a +2 hat
 k - a +0 buckler
 M - a +0 cloak
Jewellery
 p - an amulet of faith
 q - a +4 ring of protection (left claw)
 v - an amulet of magic regeneration
Talismans
 c - a beast talisman (active)
Wands
 z - a wand of flame (20)
 J - a wand of paralysis (11)
Scrolls
 d - 3 scrolls of noise {unknown}
 e - 7 scrolls of teleportation
 h - 2 scrolls of vulnerability {unknown}
 j - 3 scrolls of enchant weapon {unknown}
 r - a scroll of amnesia {unknown}
 x - a scroll of fear {unknown}
 y - 2 scrolls of poison {unknown}
 A - a scroll of brand weapon {unknown}
 B - a scroll of fog {unknown}
 G - a scroll of acquirement {unknown}
 H - a scroll of immolation {unknown}
 I - a scroll of revelation {unknown}
 K - a scroll of identify
Potions
 b - 2 potions of lignification
 f - 2 potions of curing
 g - 2 potions of invisibility
 l - 3 potions of brilliance
 m - a potion of magic
 o - 2 potions of attraction
 t - 2 potions of enlightenment
 u - a potion of might
 C - 2 potions of heal wounds {unknown}
 D - a potion of resistance {unknown}
 E - 5 potions of mutation {unknown}
 F - a potion of degeneration {unknown}


   Skills:
 - Level 0.7 Fighting
 - Level 4.0 Dodging
 + Level 12.2 Unarmed Combat
 - Level 5.0 Shapeshifting


You had 8 spell levels left.
You didn't know any spells.
Your spell library contained the following spells:

 Spells                   Type           Power      Damage    Failure   Level
 Dazzling Flash           Conj/Hex       0%         N/A       86%         3
 Volatile Blastmotes      Fire/Tloc      0%         2d10      86%         3
 Starburst                Conj/Fire      0%         6d3       100%        6
 Maxwell's Capacitive Co  Air            0%         ∞         100%        8


Dungeon Overview and Level Annotations

Branches:
Dungeon (7/15)             Temple (1/1) D:6           Sewer (visited)

Altars:
Cheibriados
Dithmenos
Fedhas
Gozag
Makhleb
Qazlal
Ru
Sif Muna
Trog
Uskayaw
Vehumet
Wu Jian
Yredelemnul
Zin
The Shining One

Shops:
D:2 [[?


Innate Abilities, Weirdness & Mutations

You are a hulking beast.
Your limbs bulge with bestial killing power. (Slay +3)
You are too large for most types of armour.
You have claws for hands.
Your natural rate of healing is unusually fast.
You are covered in fur. (AC +1)
You have tough skin. (AC +1)


Message History

Press: ? - help, Dir - move target You swing at nothing.
Something hits you. Something hits you. Something hits you but does no damage.
Something hits you but does no damage. Something hits you.
You miss something. Something hits you but does no damage. Something hits you!
Something hits you but does no damage.
You claw something! Something hits you. Something hits you. Something hits you.
* * * LOW HITPOINT WARNING * * *
Something hits you.
* * * LOW HITPOINT WARNING * * *
Something hits you.
* * * LOW HITPOINT WARNING * * *
Something hits you.
* * * LOW HITPOINT WARNING * * *
Something hits you.
* * * LOW HITPOINT WARNING * * *
Something hits you.
* * * LOW HITPOINT WARNING * * *
You feel better. Something hits you!
* * * LOW HITPOINT WARNING * * *
You feel better. Something hits you but does no damage.
You fade into invisibility!
Something hits you but does no damage.
Unknown command.
Something hits you.
* * * LOW HITPOINT WARNING * * *
Something hits you.
* * * LOW HITPOINT WARNING * * *
You scratch something. Something hits you but does no damage.
Something hits you but does no damage. Something hits you.
* * * LOW HITPOINT WARNING * * *
Something hits you.
* * * LOW HITPOINT WARNING * * *
Something hits you!
You die...

##...........##
#............###
#..............##
#............>..##
##.......#........##
##........##........#
#........####........
##..○....# ##..)....
##.h....# #.......
#......# ##....).
#........# ##.....
#..........# ###...
#...........# ###.
#............ ##
#............ ###.
#........... #...
........##


There were no monsters in sight!

Vanquished Creatures
  A two-headed ogre (D:7)
  2 steam dragons
  2 water moccasins
  An ice beast (D:6)
  A sky beast (D:7)
  2 ogres
  2 centaurs (D:6)
  2 phantoms
  5 bullfrogs
  5 scorpions
  4 wights
  A crimson imp (D:5)
  A centaur zombie (D:4)
  A bullfrog skeleton (D:4)
  A hound (D:5)
  2 orc priests (D:5)
  A jelly (D:6)
  5 orc wizards
  A sleepcap (D:7)
  2 iguanas (D:5)
  A scorpion zombie (D:4)
  Robin (D:4)
  8 adders
  A white imp (D:5)
  2 ufetubi
  An adder zombie (D:4)
  An adder skeleton (D:4)
  2 dart slugs
  2 worms
  9 orcs
  8 ball pythons
  6 endoplasms
  12 giant cockroaches
  20 goblins
  10 hobgoblins
  8 jackals
  6 kobolds
  12 quokkas
  9 bats
  4 frilled lizards
  11 rats
176 creatures vanquished.

Notes
Turn   | Place    | Note
-------+----------+-------------------------------------------
     0 | D:1      | CraigForest the Troll Shapeshifter began the quest for the
                  | Orb.
     0 | D:1      | Reached XP level 1. HP: 18/18 MP: 0/0
    66 | D:1      | Reached XP level 2. HP: 23/26 MP: 1/1
   257 | D:1      | Reached skill level 4 in Unarmed Combat
   343 | D:1      | Reached XP level 3. HP: 32/32 MP: 2/2
   520 | D:1      | Found a faded altar of an unknown god.
   985 | D:2      | Found Todom's Magic Scroll Shoppe.
  1008 | D:2      | Found Koetwuac's Armour Shop.
  1136 | D:2      | Found Ketuxocu's Armour Emporium.
  1258 | D:2      | Reached XP level 4. HP: 40/40 MP: 3/3
  1299 | D:2      | Reached skill level 5 in Unarmed Combat
  2206 | D:3      | Found a snail-covered altar of Cheibriados.
  2310 | D:4      | Reached XP level 5. HP: 20/46 MP: 4/4
  2312 | D:4      | Reached skill level 6 in Unarmed Combat
  2413 | D:4      | Noticed a phantom
  2417 | D:4      | Reached XP level 6. HP: 51/54 MP: 5/5
  2423 | D:4      | Reached skill level 7 in Unarmed Combat
  2547 | D:4      | Found an ornate altar of the Wu Jian Council.
  2825 | D:4      | Noticed Robin
  2844 | D:4      | Killed Robin
  3010 | D:5      | Entered Level 5 of the Dungeon
  3015 | D:5      | Reached XP level 7. HP: 61/61 MP: 6/6
  3094 | D:5      | Reached skill level 5 in Shapeshifting
  3347 | D:5      | Found a blossoming altar of Fedhas.
  3701 | D:6      | Reached XP level 8. HP: 47/68 MP: 7/7
  3755 | D:6      | Found a staircase to the Ecumenical Temple.
  3773 | Temple   | Entered the Ecumenical Temple
  3779 | Temple   | Became a worshipper of Qazlal Stormbringer
  3795 | D:6      | Reached skill level 8 in Unarmed Combat
  3924 | D:6      | HP: 3/102 [ice beast (11)]
  4022 | D:6      | Reached skill level 9 in Unarmed Combat
  4133 | D:6      | Found a glowing drain.
  4146 | D:6      | Reached * piety under Qazlal
  4149 | Sewer    | Entered a sewer
  4337 | D:6      | Reached skill level 10 in Unarmed Combat
  4598 | D:6      | Reached XP level 9. HP: 75/75 MP: 8/8
  4630 | D:7      | Noticed a two-headed ogre
  4638 | D:7      | Killed a two-headed ogre
  4639 | D:7      | Reached skill level 11 in Unarmed Combat
  4934 | D:7      | Reached skill level 12 in Unarmed Combat
  5003 | D:7      | HP: 3/75 [something (6)]
  5011 | D:7      | Slain by an unseen horror

Illustrated notes

Levels and vault maps discovered:
D:1:      dpeg_arrival_pond, layout_loops_corners,
          hellmonk_ecumenical_altar_lost_god, minmay_ruptured
D:2:      layout_loops_ring, serial_shops, shop, shop, shop,
          kennysheep_big_empty_room
D:3:      layout_rooms, slow_altar_1, st_stairs_10
D:4:      kennysheep_goblin_castle, layout_cave_pools,
          mainiacjoe_overflow_paths, serial_undead, serial_undead_a,
          serial_undead_e, serial_undead_d, serial_undead_f
D:5:      minmay_angry_zag, layout_cave_pools,
          mainiacjoe_overflow_concentric_impassable, serial_park,
          serial_park_square1 [serial_park_minivault_5x5_2], serial_park_tiny_2,
          serial_park_tiny_1, kennysheep_small_spiral,
          minmay_misc_feat_diagonals, kennysheep_minor_cross,
          minmay_fire_ice_demons
D:6:      layout_loops_ring, minmay_temple_entry_nine_rooms,
          gup_sewer_entry_pipe, serial_rivers, chequers_serial_rivers_room_b,
          chequers_serial_rivers_micro_c, chequers_serial_rivers_small_b,
          chequers_serial_rivers_marsh, chequers_serial_rivers_small_a,
          chequers_serial_rivers_room_a, nicolae_fountain_basement
D:7:      hellmonk_ruined_rings, layout_cave_pods
Temple:   hellmonk_temple_two_chambers

Skill      XL: |  1  2  3  4  5  6  7  8  9 |
---------------+----------------------------+-----
Unarmed Combat | 4 5 6 7 10 12 | 12.2
Shapeshifting  | 4 5 |  5.0
Dodging        | 4 |  4.0
Fighting       | |  0.7

Action                     |  1- 3 |  4- 6 |  7- 9 || total
---------------------------+-------+-------+-------++-------
  Melee: Unarmed           |    93 |   162 |   164 ||   419
         Punch             |     3 |     5 |     2 ||    10
  Throw: Dart              |       |     2 |       ||     2
    Use: Scroll            |       |     8 |       ||     8
         Potion            |       |       |     4 ||     4
   Stab: Sleeping          |     4 |     1 |       ||     5
 Armour: Animal skin       |    28 |    90 |    80 ||   198
         Skin              |       |       |     1 ||     1
  Dodge: Dodged            |    34 |    80 |    75 ||   189
  Block: Other             |       |       |     3 ||     3

Table legend: (Time is in decaauts)
 A = Elapsed time spent in this place.
 B = Non-inter-level travel time spent in this place.
 C = Inter-level travel time spent in this place.
 D = Time resting spent in this place.
 E = Time spent auto-exploring this place.
 F = Levels seen in this place.
 G = Mean time per level.
                   A        B        C        D        E       F      G
               +--------+--------+--------+--------+--------+-----+--------+
         Total |   4953 |   4145 |    808 |      0 |   3162 |   9 |  550.3 |
       Dungeon |   4829 |   4031 |    798 |      0 |   3128 |   7 |  689.9 |
        Temple |     12 |      2 |     10 |      0 |      0 |   1 |   12.0 |
         Sewer |    111 |    111 |      0 |      0 |     34 |   1 |  111.0 |
               +--------+--------+--------+--------+--------+-----+--------+

Top non-repeatable levels by time:
     D:1: 962 daAuts
     D:2: 834 daAuts
     D:6: 810 daAuts
     D:4: 698 daAuts
     D:5: 666 daAuts
     D:3: 487 daAuts
     D:7: 370 daAuts
   Sewer: 111 daAuts
  Temple: 12 daAuts
